 Seeded DCSS version 0.29-a0-870-g2c972031a6 (webtiles) character file.

Game seed: 20220717 (custom seed)

49 muata the Trooper (level 3, 27/27 HPs)
             Began as an Octopode Berserker on July 17, 2022.
             Was a Follower of Trog.
             Quit the game on level 2 of the Dungeon.
             The game lasted 00:03:24 (1215 turns).

muata the Trooper (Octopode Berserker)              Turns: 1215, Time: 00:03:24

Health: 27/27      AC:  8    Str: 16    XL:     3   Next: 77%
Magic:  3/3        EV: 13    Int: 11    God:    Trog [*.....]
Gold:   65         SH:  0    Dex: 11    Spells: 2/2 levels left

rFire   . . .      SeeInvis .   g - +1 dagger (protect)
rCold   . . .      Faith    .   (no shield)
rNeg    . . .      Spirit   +   (helmet restricted)
rPois   .          Reflect  .   h - amulet of guardian spirit
rElec   .          Harm     .   (no ring)
rCorr   .          Rampage  .   (no ring)
Will    .....                   (no ring)
Stlth   ++........              (no ring)
HPRegen 0.09/turn               (no ring)
MPRegen 0.08/turn               (no ring)
                                (no ring)
                                (no ring)

@: under a protective aura
A: almost no armour, amphibious, 8 rings, camouflage 1, gelatinous body 1,
(nimble swimmer 1), tentacles
a: Renounce Religion, Berserk


You were on level 2 of the Dungeon.
You worshipped Trog.
Trog was aware of your devotion.
You visited 1 branch of the dungeon, and saw 2 of its levels.

You collected 65 gold pieces.

Inventory:

Hand Weapons
 a - a +0 hand axe
 g - a +1 dagger of protection (weapon)
Jewellery
 h - an amulet of guardian spirit (around mantle)
 i - a +4 ring of protection
Scrolls
 d - a scroll of amnesia {unknown}
 f - a scroll of poison {unknown}
 j - a scroll of fear {unknown}
 k - a scroll of vulnerability {unknown}
 l - a scroll of identify {unknown}
Potions
 b - a potion of flight {unknown}
 c - a potion of mutation {unknown}
 e - 2 potions of might {unknown}


   Skills:
 + Level 3.9 Fighting
 + Level 3.8 Axes
 - Level 3.0 Dodging


You had 2 spell levels left.
You didn't know any spells.
Your spell library was empty.

Dungeon Overview and Level Annotations

Branches:
Dungeon (2/15)

Altars:


Innate Abilities, Weirdness & Mutations

You cannot wear most types of armour.
You are amphibious.
You can wear up to eight rings at the same time.
Your skin changes colour to match your surroundings (Stealth+).
Your rubbery body absorbs attacks. (AC +1, EV +1)
((You are camouflaged when in or above water. (Stealth+)))
You have tentacles for arms and can constrict up to eight enemies at once.


Message History

A hobgoblin comes into view.
Found a scroll labelled SIUK PIPNUAPT.
The hobgoblin shouts!
Terence the Incautious comes into view.
He is wielding a +0 falchion.
Found a leather armour.
The hobgoblin hits you.
You hit the hobgoblin.
Your weapon exudes an aura of protection.
You grab the hobgoblin. You squeeze the hobgoblin.
You kill the hobgoblin!
Trog accepts your kill.
A kobold comes into view. It is wielding a +0 short sword.
You start resting.
HP restored.
Terence shouts!
You hear a shout!
You closely miss Terence. You grab Terence.
You tentacle-slap Terence, but do no damage.
You constrict Terence. Terence misses you.
You hit Terence but do no damage.
Your weapon exudes an aura of protection.
Terence is lightly wounded.
You constrict Terence, but do no damage.
Terence hits you but does no damage.
You hit Terence.
Terence is moderately wounded.
You constrict Terence. Terence barely misses you.
You hit Terence.
Terence is heavily wounded.
You constrict Terence. Terence barely misses you.
You hit Terence. You squeeze Terence.
Terence is severely wounded.
You constrict Terence. Terence misses you.
You hit Terence but do no damage. You squeeze Terence.
You kill Terence!
Trog accepts your kill.
You have reached level 3!
Your experience leads to an increase in your attributes!
Increase (S)trength, (I)ntelligence, or (D)exterity?
You feel clever. x2
Are you sure you want to abandon this character and quit the game? (Confirm with "yes".)

###...### .#####
#...###
......###
###...###
.?.....##
###...## ......#
##...# ##.#..#
###...## #.....#
###...###
#...†.###...###
......#.)@...†.#
......###.######
..@.. .....
..[........#.#
...####.#### #
... .. .## ..


There were no monsters in sight!

Vanquished Creatures
  Terence (D:2)
  3 ball pythons (D:1)
  2 endoplasms (D:1)
  2 goblins (D:1)
  2 hobgoblins
  3 jackals (D:1)
  2 quokkas (D:1)
  A bat (D:2)
  A frilled lizard (D:1)
  2 kobolds (D:1)
  3 rats
22 creatures vanquished.

Notes
Turn   | Place    | Note
-------+----------+-------------------------------------------
     0 | D:1      | muata the Octopode Berserker began the quest for the Orb.
     0 | D:1      | Reached XP level 1. HP: 16/16 MP: 1/1
   258 | D:1      | Reached XP level 2. HP: 15/21 MP: 2/2
   772 | D:1      | Found a faded altar of an unknown god.
  1134 | D:2      | Noticed Terence
  1214 | D:2      | Killed Terence
  1215 | D:2      | Reached XP level 3. HP: 27/27 MP: 3/3
  1215 | D:2      | Quit the game

Illustrated notes

Levels and vault maps discovered:
D:1:      reono_arrival_mine, layout_loops_cross,
          shapermc_ecumenical_altar_ellora
D:2:      layout_basic, serial_curves, eino_curves_01, eino_curves_03,
          serial_shops, nicolae_shop_crystal, kennysheep_generic_room_10,
          uniq_terence

Action                   || total
-------------------------++-------
Melee: Hand axe          ||    23
       Tentacles         ||     9
       Constrict         ||     6
       Dagger            ||    16
       Punch             ||     2
Invok: Berserk           ||     1
 Stab: Sleeping          ||     6
Armor: Skin              ||     2
Dodge: Dodged            ||    23

Table legend: (Time is in decaauts)
 A = Elapsed time spent in this place.
 B = Non-inter-level travel time spent in this place.
 C = Inter-level travel time spent in this place.
 D = Time resting spent in this place.
 E = Time spent auto-exploring this place.
 F = Levels seen in this place.
 G = Mean time per level.
                   A        B        C        D        E       F      G
               +--------+--------+--------+--------+--------+-----+--------+
         Total |   1227 |   1178 |     49 |    231 |    669 |   2 |  613.5 |
       Dungeon |   1227 |   1178 |     49 |    231 |    669 |   2 |  613.5 |
               +--------+--------+--------+--------+--------+-----+--------+

Top non-repeatable levels by time:
     D:1: 1053 daAuts
     D:2: 173 daAuts
